 Dungeon Crawl Stone Soup version 0.28-a0-313-gbc0475efdd (webtiles) character file.

Game seed: 9051182927352350416

67 Dirtsage the Changer (level 4, 0/28 HPs)
             Began as an Octopode Transmuter on Aug 31, 2021.
             Slain by a gnoll (5 damage)
             ... on level 3 of the Dungeon.
             The game lasted 00:03:30 (2136 turns).

Dirtsage the Changer (Octopode Transmuter)          Turns: 2136, Time: 00:03:30

Health: 0/28       AC:  1    Str: 10    XL:     4   Next: 16%
Magic:  6/7        EV: 13    Int: 15    God:
Gold:   246        SH:  0    Dex: 12    Spells: 1/7 levels left

rFire   . . .      SeeInvis .     - Unarmed
rCold   . . .      Faith    .   (no shield)
rNeg    . . .      Spirit   .   (helmet restricted)
rPois   .          Reflect  .   b - amulet of the acrobat
rElec   .          Harm     .   (no ring)
rCorr   .          Rampage  .   (no ring)
Will    .....                   (no ring)
Stlth   ++........              (no ring)
HPRegen 0.09/turn               (no ring)
MPRegen 0.10/turn               (no ring)
                                (no ring)
                                (no ring)

@: no status effects
A: almost no armour, amphibious, 8 rings, camouflage 1, gelatinous body 1,
(nimble swimmer 1), tentacles
a: no special abilities


You were on level 3 of the Dungeon.
You visited 1 branch of the dungeon, and saw 3 of its levels.

You collected 246 gold pieces.


Innate Abilities, Weirdness & Mutations

You cannot wear most types of armour.
You are amphibious.
You can wear up to eight rings at the same time.
Your skin changes colour to match your surroundings (Stealth+).
Your rubbery body absorbs attacks. (AC +1, EV +1)
((You are camouflaged near water. (Stealth+)))
You have tentacles for arms and can constrict up to eight enemies at once.


   Skills:
 - Level 1.0 Fighting
 - Level 2.0 Dodging
 - Level 3.0 Unarmed Combat
 - Level 2.0 Spellcasting
 + Level 3.3 Transmutations
 + Level 3.0 Poison Magic


You had one spell level left.
You knew the following spells:

 Your Spells              Type           Power      Damage    Failure   Level
b - Beastly Appendage     Tmut           22%        N/A       6%          1
s - Spider Form           Tmut/Pois      5%         N/A       19%         3
w - Wereblood             Tmut           11%        N/A       9%          2

Your spell library contained the following spells:

 Spells                   Type           Power      Damage    Failure   Level
 Portal Projectile        Hex/Tloc       2%         N/A       54%         3
 Ice Form                 Ice/Tmut       6%         N/A       75%         4
 Iskenderun's Mystic Bla  Conj/Tloc      1%         2d3       91%         4
 Passage of Golubria      Tloc           N/A        N/A       91%         4
 Disjunction              Tloc           0%         N/A       100%        8

Inventory:

Missiles
 d - 18 sling bullets
Magical Staves
 h - a staff of conjuration {!a}
Jewellery
 b - an amulet of the acrobat (around mantle)
 R - a ring of resist corrosion
Wands
 f - a wand of paralysis (5)
Scrolls
 a - a scroll of noise {unknown}
 c - a scroll of vulnerability {unknown}
Potions
 e - a potion of degeneration {unknown}
 g - a potion of ambrosia {unknown}
 i - a potion of curing {unknown}

Dungeon Overview and Level Annotations

Branches:
Dungeon (3/15)

Altars:

...#..#.# #.####....#
#..#..#.###.####gg.##
#......[...........####
#..#..#.###.###........
.##..#......gg.........##
.......................#.
..........................
#.#...##.#g###.####.......
........@.# ##...........
.#..<##.### #.###...#.#. #
#...##.### .# #.......
#.#........# .. ........
...........## .# #..##.#.
............#.#.# .... ...
..##.#......#.# # .... ..
..##.#......#.#.#
............#.#.#


You could see 3 gnolls.


Message History

No target in view!
Found a leather armour.
Found a curved smoking staff.
Found a sapphire potion.
h - a staff of conjuration {!a}
i - a sapphire potion
Found a stone staircase leading down.
A gnoll comes into view. It is wielding a +0 flail.
Casting: Beastly Appendage (safe; 6% risk of failure)
Confirm with . or Enter, or press ? or * to list all spells.
The spell is quite dangerous to cast (19% risk of failure)!
Continue anyway?
You turn into a venomous arachnid creature.
A gnoll comes into view. It is wielding a +0 club.
You hit the gnoll but do no damage.
The gnoll is poisoned.
The gnoll shouts!
The gnoll hits you with a +0 flail!
A gnoll comes into view. It is wielding a +0 spear.
You hit the gnoll but do no damage. The gnoll hits you with a +0 flail!
* * * LOW HITPOINT WARNING * * *
Your transformation is almost over.
The gnoll looks more healthy.
The gnoll completely misses you.
Your transformation has ended.
Unknown command.
You closely miss the gnoll. You grab the gnoll.
The gnoll is heavily wounded.
You constrict the gnoll, but do no damage.
You tentacle-slap the gnoll.
The gnoll is severely wounded.
You constrict the gnoll. The gnoll hits you with a +0 flail.
You die...

Skill      XL: |  1  2  3  4 |
---------------+-------------+-----
Poison Magic   | 1 2 3 |  3.0
Transmutations | 3 |  3.3
Fighting       | |  1.0
Dodging        | |  2.0
Unarmed Combat | |  3.0
Spellcasting   | |  2.0

Action                   |  1- 3 |  4- 6 || total
-------------------------+-------+-------++-------
Melee: Unarmed           |    74 |    17 ||    91
       Kick              |     4 |       ||     4
       Tentacles         |    17 |     3 ||    20
       Constrict         |    17 |     4 ||    21
 Cast: Beastly Appendage |     5 |       ||     5
       Spider Form       |       |     1 ||     1
 Stab: Sleeping          |     5 |     2 ||     7
Armor: Skin              |     2 |     1 ||     3
Dodge: Dodged            |    42 |     9 ||    51

Levels and vault maps discovered:
D:1:      kennysheep_arrival_seaside, layout_loops_ring, basic_ecumenical_altar
D:2:      layout_loops_corners, st_stairs_6, dk_noncrumbling_3,
          minmay_liquid_box, minmay_gold_behind_fungi, chequers_arboretum,
          minmay_misc_feat_iff, kennysheep_generic_room_15
D:3:      layout_basic, nicolae_hepliaklqana_monster_ancestors

Notes
Turn   | Place    | Note
-------+----------+-------------------------------------------
     0 | D:1      | Dirtsage the Octopode Transmuter began the quest for the
                  | Orb.
     0 | D:1      | Reached XP level 1. HP: 13/13 MP: 3/3
    23 | D:1      | Got the Compendium of the Voyage
   170 | D:1      | Reached skill level 1 in Poison Magic
   170 | D:1      | Reached XP level 2. HP: 13/18 MP: 3/5
   446 | D:1      | Reached skill level 2 in Poison Magic
   489 | D:1      | Reached XP level 3. HP: 23/23 MP: 6/6
   492 | D:1      | Learned a level 2 spell: Wereblood
   496 | D:1      | Learned a level 3 spell: Spider Form
   594 | D:1      | Found a faded altar of an unknown god.
  1081 | D:2      | Reached skill level 3 in Transmutations
  1583 | D:2      | Reached XP level 4. HP: 28/28 MP: 7/7
  1985 | D:2      | Reached skill level 3 in Poison Magic
  2136 | D:3      | Slain by a gnoll

Vanquished Creatures
  A gnoll (D:1)
  A worm (D:2)
  An orc (D:3)
  2 ball pythons
  9 endoplasms
  5 goblins
  6 hobgoblins
  4 jackals (D:2)
  3 quokkas
  4 bats
  5 frilled lizards
  3 rats
44 creatures vanquished.

Vanquished Creatures (others)
  6 fungi (D:2)
  4 toadstools (D:2)
10 creatures vanquished.

Grand Total: 54 creatures vanquished

Table legend: (Time is in decaauts)
 A = Elapsed time spent in this place.
 B = Non-inter-level travel time spent in this place.
 C = Inter-level travel time spent in this place.
 D = Time resting spent in this place.
 E = Time spent auto-exploring this place.
 F = Levels seen in this place.
 G = Mean time per level.
                   A        B        C        D        E       F      G
               +--------+--------+--------+--------+--------+-----+--------+
         Total |   2130 |   2062 |     68 |      0 |   1759 |   3 |  710.0 |
       Dungeon |   2130 |   2062 |     68 |      0 |   1759 |   3 |  710.0 |
               +--------+--------+--------+--------+--------+-----+--------+

Top non-repeatable levels by time:
     D:1: 1045 daAuts
     D:2: 975 daAuts
     D:3: 109 daAuts

Table legend:
 A = Non-vault XP
 B = Vault XP
 C = Vault XP percentage of total XP
 D = Non-vault monster count
 E = Vault monster count
 F = Vault count percentage of total count
                 A         B        C        D         E       F
            +---------+---------+-------+---------+---------+-------
      Total |      89 |       7 |   7.3 |      42 |       2 |   4.5
            +---------+---------+-------+---------+---------+-------
        D:1 |      53 |       0 |   0.0 |      22 |       0 |   0.0
        D:2 |      29 |       7 |  19.4 |      17 |       2 |  10.5
        D:3 |       7 |       0 |   0.0 |       3 |       0 |   0.0
            +---------+---------+-------+---------+---------+-------
